 Dungeon Crawl Stone Soup version 0.32-a0-132-g2d33c3cfaf (webtiles) character file.

Game seed: 18271169886916139417

58 kaiyo the Trooper (level 4, 0/41 HPs)
             Began as a Hill Orc Fighter on Feb 9, 2024.
             Succumbed to their own poison gas
             ... on level 3 of the Dungeon.
             The game lasted 00:16:42 (3783 turns).

kaiyo the Trooper (Hill Orc Fighter)                Turns: 3783, Time: 00:16:43

Health: 0/41       AC:  7    Str: 20    XL:     4   Next: 2%
Magic:  4/4        EV:  9    Int:  8    God:
Gold:   80         SH:  4    Dex: 10    Spells: 3/3 levels left

rFire   . . .        a - +0 war axe (chaos)
rCold   . . .        c - +0 buckler
rNeg    . . .        b - +0 scale mail
rPois   .            (no helmet)
rElec   .            (no cloak)
rCorr   +            (no gloves)
SInv    .            (no boots)
Will    .....        p - amulet of magic regeneration Stlth
                     k - ring of resist corrosion
HPRegen 0.26/turn    (no ring)
MPRegen 0.49/turn

%: no passive effects
@: lethally poisoned (0 -> -53)
A: no striking features
a: no special abilities


You were on level 3 of the Dungeon.
You visited 1 branch of the dungeon, and saw 3 of its levels.

You collected 80 gold pieces.

Inventory:

Hand Weapons
 a - a +0 war axe of chaos (weapon)
 f - a +0 dagger
 h - a +0 club
 j - a +0 club
 r - a +0 long sword
Missiles
 e - 6 boomerangs (quivered)
Armour
 b - a +0 scale mail (worn)
 c - a +0 buckler (worn)
 i - a +0 ring mail
 n - a +0 scale mail
 o - a +0 pair of gloves
Magical Staves
 m - a staff of conjuration
Jewellery
 k - a ring of resist corrosion (left hand)
 p - an amulet of magic regeneration (around neck)
Scrolls
 q - a scroll of amnesia
Potions
 d - a potion of might
 g - a potion of curing
 l - a potion of attraction {unknown}


   Skills:
 + Level 4.5 Fighting
 + Level 3.7 Axes
 + Level 3.8 Armour
 + Level 0.1 Dodging
 + Level 3.4 Shields


You had 3 spell levels left.
You didn't know any spells.
Your spell library was empty.

Dungeon Overview and Level Annotations

Branches:
Dungeon (3/15)

Altars:


Message History

You kill the hobgoblin!
You see here a hobgoblin corpse.
You now have 51 gold pieces (gained 6).
p - an amulet of magic regeneration You start putting on your amulet.
You continue putting on your amulet of magic regeneration. x5
You finish putting on your amulet of magic regeneration.
p - an amulet of magic regeneration (around neck)
Found 16 gold pieces and a short sword.
Found 13 gold pieces.
You now have 67 gold pieces (gained 16).
You now have 80 gold pieces (gained 13).
Okay, then.
You see here a +0 short sword.
Found a scroll labelled HINISCHU USADO.
Found 4 stones.
Unknown command.
Unknown command.
You see here 4 stones.
You see here 4 stones.
Cleave: a) +0 war axe (chaos)
Press: ? - help, Dir - move target There's something in the way.
Found a long sword.
You see here a +0 long sword.
r - a +0 long sword
Found 4 stones.
s - a scroll labelled HINISCHU USADO The air fills with toxic fumes!
As you read the scroll labelled HINISCHU USADO, it crumbles to dust.
It was a scroll of poison.
Okay, then.
You are engulfed in poison gas.
You are poisoned.
You feel very sick.
You are engulfed in poison gas.
You are lethally poisoned!
You feel extremely sick.
You are engulfed in poison gas.
You are more poisoned.
* * * LOW HITPOINT WARNING * * *
You die...

## #....#.# #.#
#.#.#.## #.# ####
#.#....###.# ...#
#.#(.#.....#
...#####.#....##..#
...........#.###..#
...........#§###..#
...####.#.#..§##.§#
.### #.###.###§#@§#
.# #.# ##.##.§§§#
.. ..# #.#§§§§#
.#### #..§#§§§####
.# #.####§§§§..# .#
###§§#.# #§§# # .§#
.§#


There were no monsters in sight!

Vanquished Creatures
  2 adders (D:2)
  6 ball pythons
  5 endoplasms (D:1)
  2 giant cockroaches (D:2)
  6 goblins
  5 hobgoblins
  A quokka (D:2)
  4 bats
  A frilled lizard (D:1)
  2 kobolds (D:2)
  A rat (D:1)
35 creatures vanquished.

Notes
Turn   | Place    | Note
-------+----------+-------------------------------------------
     0 | D:1      | kaiyo the Hill Orc Fighter began the quest for the Orb.
     0 | D:1      | Reached XP level 1. HP: 19/19 MP: 1/1
   307 | D:1      | Reached skill level 4 in Fighting
   307 | D:1      | Reached XP level 2. HP: 27/27 MP: 2/2
  2613 | D:2      | Reached XP level 3. HP: 31/34 MP: 3/3
  3442 | D:2      | Reached XP level 4. HP: 39/41 MP: 4/4
  3783 | D:3      | Succumbed to their own poison gas

Illustrated notes

Levels and vault maps discovered:
D:1:      heliophobic_arrival_henge, layout_basic
D:2:      layout_loops_ring
D:3:      layout_loops_ring, makhleb_altar_promises_db,
          dreamdust_ecumenical_altar_statues, chequers_hall_statues_y

Skill      XL: |  1 |
---------------+----+-----
Axes           | 3 |  3.7
Fighting       | 4 |  4.5
Armour         | |  3.8
Dodging        | |  0.1
Shields        | |  3.4

Action                     |  1- 3 |  4- 6 || total
---------------------------+-------+-------++-------
  Melee: War axe           |   103 |     2 ||   105
    Use: Scroll            |     4 |     1 ||     5
 Armour: Scale mail        |    89 |     3 ||    92
  Dodge: Dodged            |    45 |       ||    45
  Block: Buckler           |    33 |       ||    33

Table legend: (Time is in decaauts)
 A = Elapsed time spent in this place.
 B = Non-inter-level travel time spent in this place.
 C = Inter-level travel time spent in this place.
 D = Time resting spent in this place.
 E = Time spent auto-exploring this place.
 F = Levels seen in this place.
 G = Mean time per level.
                   A        B        C        D        E       F      G
               +--------+--------+--------+--------+--------+-----+--------+
         Total |   3822 |   3333 |    489 |      0 |    129 |   3 | 1274.0 |
       Dungeon |   3822 |   3333 |    489 |      0 |    129 |   3 | 1274.0 |
               +--------+--------+--------+--------+--------+-----+--------+

Top non-repeatable levels by time:
     D:1: 2522 daAuts
     D:2: 1075 daAuts
     D:3: 225 daAuts
